 Dungeon Crawl Stone Soup version 0.18.1-2-ga659475 (webtiles) character file.

72 Helmschank the Grave Robber (level 4, -2/36 HPs)
             Began as a Deep Dwarf Necromancer on May 7, 2016.
             Slain by a gnoll
             ... wielding a +0 club
              (4 damage)
             ... on level 2 of the Dungeon.
             The game lasted 00:11:09 (1904 turns).

Helmschank the Grave Robber (DDNe)                  Turns: 1904, Time: 00:11:10

Health: -2/36      AC:  3    Str: 13    XL:     4   Next: 7%
Magic:  4/6        EV: 12    Int: 15    God:
Gold:   100        SH:  0    Dex: 13    Spells: 3 memorised, 1 level left

rFire  . . .     SeeInvis .     g - +0 whip
rCold  . . .     Gourm    .     o - +0 leather armour
rNeg   . . .     Faith    .     (no shield)
rPois  .         Spirit   .     (no helmet)
rElec  .         Dismiss  .     (no cloak)
rCorr  .         Reflect  .     (no gloves)
SustAt .         Harm     .     (no boots)
MR     .....                    (no amulet)
Stlth  ++........               (no ring)
                                (no ring)

@: non-regenerating, not resistant to hostile enchantments, unstealthy
A: damage resistance, recharge devices, sense surroundings 1, slow regeneration
3
a: Device Recharging


You were on level 2 of the Dungeon.
You were hungry.

You visited 1 branch of the dungeon, and saw 2 of its levels.

You collected 100 gold pieces.

Inventory:

Hand Weapons
 e - a +0 club
 g - a +0 whip (weapon)
Missiles
 i - 41 stones (quivered)
Armour
 a - a +0 robe
 o - a +0 leather armour (worn)
Wands
 c - a wand of heal wounds (5/9)
Scrolls
 h - 2 scrolls of immolation {unknown}
 m - a scroll of enchant armour {unknown}
 n - a scroll of magic mapping {unknown}
 p - a scroll of identify {unknown}
 q - a scroll of amnesia {unknown}
Potions
 f - a potion of ambrosia {unknown}
 j - a potion of beneficial mutation {unknown}
 l - a potion of mutation {unknown}
Books
 b - a book of Necromancy

   Spells                             Type                      Level
   a - Pain                           Necromancy                   1
   b - Animate Skeleton               Necromancy                   1
   c - Vampiric Draining              Necromancy                   3
   d - Regeneration                   Charms/Necromancy            3
   e - Animate Dead                   Necromancy                   4
   f - Control Undead                 Necromancy                   4
Comestibles
 d - 4 bread rations


   Skills:
 + Level 3.2 Dodging
 - Level 2.4 Stealth
 - Level 1.7 Spellcasting
 * Level 5.7 Necromancy


You had one spell level left.
You knew the following spells:

 Your Spells              Type           Power        Failure   Level  Hunger
v - Vampiric Draining     Necr           ###.......   10%         3    ####...
x - Animate Skeleton      Necr           N/A          2%          1    ##.....
z - Pain                  Necr           ###.         2%          1    ##.....


Dungeon Overview and Level Annotations

Branches:
Dungeon (2/15)

Altars:


Innate Abilities, Weirdness & Mutations

You are resistant to damage.
You can recharge devices by infusing magical energy.
You passively map a small area around you.
You do not regenerate naturally.


Message History

You hit the gnoll.
The gnoll is heavily wounded.
The gnoll hits you from afar with a spear of flaming!
The gnoll burns you. The gnoll closely misses you.
You take 5 damage, and have 17/36 hp.
You hit the gnoll.
The gnoll is severely wounded.
The gnoll hits you from afar with a spear of flaming!
* * * LOW HITPOINT WARNING * * *
The gnoll burns you.
* * * LOW HITPOINT WARNING * * *
Your kobold skeleton hits the gnoll.
The gnoll hits you but does no damage.
You take 10 damage, and have 7/36 hp.
MASSIVE DAMAGE!!
You swap places.
The gnoll hits you from afar with a spear of flaming.
* * * LOW HITPOINT WARNING * * *
The gnoll burns you.
Your kobold skeleton closely misses the gnoll.
The gnoll hits you with a club.
You die...

##.# ##.## ..# *
....### #(# #.....#
#.# ,,, #....(# #(#
##.#..# #.# #.#..#
#g# *
##.#..###########g#
*
...#.....).....Z@Z#
.......############
.........#
<...#..#.# * ,
.#.##..#.# * *
.#.##....# *
...###...#
#..###...#
#........#### *


You could see 2 gnolls and 2 friendly kobold skeletons.

Vanquished Creatures
  2 adders (D:2)
  A gnoll (D:2)
  An ooze (D:1)
  2 dart slugs (D:1)
  A giant gecko (D:1)
  2 ball pythons
  3 bats
  4 hobgoblins
  4 giant newts
  5 goblins
  7 kobolds
  6 rats
38 creatures vanquished.

Vanquished Creatures (collateral kills)
  A bat (D:1)
  A ball python (D:2)
  A kobold (D:1)
3 creatures vanquished.

Grand Total: 41 creatures vanquished

Notes
Turn   | Place    | Note
--------------------------------------------------------------
     0 | D:1      | Helmschank the Deep Dwarf Necromancer began the quest for the Orb.
     0 | D:1      | Reached XP level 1. HP: 15/15 MP: 3/3
     6 | D:1      | Learned a level 1 spell: Animate Skeleton
   409 | D:1      | Reached XP level 2. HP: 19/22 MP: 4/4
   449 | D:1      | Reached skill level 5 in Necromancy
   875 | D:1      | Reached XP level 3. HP: 19/28 MP: 3/5
   948 | D:1      | Learned a level 3 spell: Vampiric Draining
  1900 | D:2      | Reached XP level 4. HP: 31/36 MP: 4/6
  1904 | D:2      | Slain by a gnoll

Skill      XL: |  1  2  3 |
---------------+----------+-----
Necromancy     | 5 |  5.7
Dodging        | 3 |  3.2
Stealth        | |  2.4
Spellcasting   | |  1.7

Action                   |  1- 3 |  4- 6 || total
-------------------------+-------+-------++-------
Melee: Whip              |    57 |     3 ||    60
       Club              |     4 |       ||     4
Throw: Stone             |     7 |       ||     7
 Cast: Pain              |    38 |       ||    38
       Animate Skeleton  |    18 |       ||    18
       Vampiric Draining |     8 |       ||     8
  Eat: Chunk             |     5 |       ||     5
Armor: Robe              |    16 |       ||    16
       Leather armour    |    13 |     1 ||    14
Dodge: Dodged            |    50 |     1 ||    51
